[Event "Ruzomberok GM 2019"]
[Site "Ruzomberok"]
[Date "2019.06.29"]
[Round "1.2"]
[White "Nayhebaver, Martin"]
[Black "Repka, Christopher"]
[Result "1/2-1/2"]
[ECO "B96"]
[WhiteElo "2473"]
[BlackElo "2482"]
[Annotator "ChessBase"]
[PlyCount "66"]
[EventDate "2019.06.29"]
[EventType "tourn"]
[EventCountry "SVK"]
[SourceTitle "playchess.com"]
[Source "ChessBase"]
[SourceQuality "1"]
[TimeControl "40/5400+30:1800+30"]

1. e4 c5 2. Nf3 d6 3. d4 cxd4 4. Nxd4 Nf6 5. Nc3 a6 6. Bg5 e6 7. f4 h6 8. Bh4 Qb6 9. Qd2 Qxb2 10. Rb1 Qa3 11. f5 Be7 12. fxe6 fxe6 13. Bc4 Nxe4 14. Nxe4 Bxh4+ 15. g3 Bg5 16. Nxg5 hxg5 17. O-O Qc5 18. Qf2 Nc6 19. Nxe6 Qxf2+ 20. Rxf2 Bxe6 21. Bxe6 Rb8 22. Bd5 Ne5 23. Bxb7 Ke7 24. Rb3 a5 25. a4 Kd7 26. Rf1 Kc7 27. Rfb1 Nd7 28. Rb5 Nc5 29. Bd5 Rhe8 30. Kf2 Rxb5 31. Rxb5 g4 32. Rxa5 Re5 33. c4 Nd3+ 1/2-1/2

[Event "Ruzomberok GM 2019"]
[Site "Ruzomberok"]
[Date "2019.06.29"]
[Round "1.4"]
[White "Manik, Mikulas"]
[Black "Pacher, Milan"]
[Result "1/2-1/2"]
[ECO "B13"]
[WhiteElo "2399"]
[BlackElo "2434"]
[Annotator "NA"]
[PlyCount "60"]
[EventDate "2019.06.29"]
[EventType "tourn"]
[EventCountry "SVK"]
[SourceTitle "playchess.com"]
[Source "ChessBase"]
[SourceQuality "1"]
[TimeControl "40/5400+30:1800+30"]

1. e4 c6 2. d4 d5 3. exd5 cxd5 4. c4 Nf6 5. Nc3 Nc6 6. Nf3 Bg4 7. cxd5 Nxd5 8. Qb3 Bxf3 9. gxf3 e6 10. Qxb7 Nxd4 11. Bb5+ Nxb5 12. Qc6+ Ke7 13. Qxb5 Qd7 14. Nxd5+ Qxd5 15. Qxd5 exd5 16. Be3 Ke6 17. O-O-O Bb4 18. Rd3 Rhc8+ 19. Kb1 Bc5 20. Rhd1 Bxe3 21. Rxe3+ Kd6 22. Red3 Rc5 23. Ra3 a5 24. Rb3 Rac8 25. Rb6+ R8c6 26. Rb7 Rc7 27. Rb6+ R7c6 28. Rb7 Rc7 29. Rb6+ R7c6 30. Rb7 Rc7 1/2-1/2

[Event "Ruzomberok GM 2019"]
[Site "Ruzomberok"]
[Date "2019.06.29"]
[Round "1.5"]
[White "Hrabusa, Matej"]
[Black "Petenyi, Tamas"]
[Result "0-1"]
[ECO "A49"]
[WhiteElo "2397"]
[BlackElo "2412"]
[Annotator "NA"]
[PlyCount "72"]
[EventDate "2019.06.29"]
[EventType "tourn"]
[EventCountry "SVK"]
[SourceTitle "playchess.com"]
[Source "ChessBase"]
[SourceQuality "1"]
[TimeControl "40/5400+30:1800+30"]

1. d4 Nf6 2. Nf3 g6 3. g3 Bg7 4. Bg2 O-O 5. O-O c5 6. c3 Qc7 7. Re1 d6 8. e4 Bg4 9. h3 Bxf3 10. Bxf3 Nfd7 11. Be3 Nc6 12. dxc5 Nxc5 13. Qc2 Ne5 14. Be2 b5 15. Nd2 Rab8 16. f4 Ned7 17. a3 a5 18. Bf2 b4 19. axb4 axb4 20. Bf1 Rfc8 21. cxb4 Rxb4 22. Ra2 Qb8 23. Nc4 Ne6 24. Rd1 Ndc5 25. f5 Ng5 26. Bxc5 Rxc5 27. Rda1 Bd4+ 28. Kh1 Qb7 29. Qd2 Bf6 30. Ra8+ Kg7 31. Bg2 Nxe4 32. Na5 Rxa5 33. R1xa5 Nxd2 34. Bxb7 Rxb7 35. g4 Rxb2 36. fxg6 Nf3 0-1

[Event "Ruzomberok GM 2019"]
[Site "Ruzomberok"]
[Date "2019.06.30"]
[Round "2.1"]
[White "Jurcik, Marian"]
[Black "Petenyi, Tamas"]
[Result "1/2-1/2"]
[ECO "B06"]
[WhiteElo "2501"]
[BlackElo "2412"]
[Annotator "ChessBase"]
[PlyCount "120"]
[EventDate "2019.06.29"]
[EventType "tourn"]
[EventCountry "SVK"]
[SourceTitle "playchess.com"]
[Source "ChessBase"]
[SourceQuality "1"]
[TimeControl "40/5400+30:1800+30"]

1. e4 g6 2. d4 Bg7 3. Nc3 c6 4. Nf3 b5 5. Bd3 d6 6. h3 Nd7 7. O-O a6 8. a4 b4 9. Ne2 Qc7 10. a5 Ngf6 11. Ng3 O-O 12. Qe1 Ne8 13. Bg5 f6 14. Bd2 c5 15. Qe2 e5 16. c3 bxc3 17. bxc3 Kh8 18. Bc4 Ra7 19. h4 cxd4 20. cxd4 exd4 21. Nxd4 Ne5 22. Be6 Bd7 23. h5 gxh5 24. Qxh5 Qc8 25. Rac1 Rc7 26. Rxc7 Qxc7 27. Ngf5 Qb7 28. Bh6 Qxe4 29. Qxe8 Bxh6 30. Qe7 Bc6 31. Nxc6 Nxc6 32. Qxd6 Rd8 33. Qc7 Qxe6 34. Nxh6 Rd7 35. Qb6 Kg7 36. Nf5+ Qxf5 37. Qxc6 Rd5 38. Qxa6 Rxa5 39. Qb7+ Kg6 40. Qb8 Rb5 41. Qg8+ Kh6 42. Qa2 Qd5 43. Qa1 Qe5 44. Qc1+ Qg5 45. Qa3 Qf5 46. Qe3+ Qg5 47. Qh3+ Qh5 48. Qd3 Qf5 49. Qd2+ Qg5 50. Qd6 Qf5 51. Qd1 Qd5 52. Qa4 Qf5 53. Qa2 Qd5 54. Qe2 Qe5 55. Qg4 Qf5 56. Qh4+ Kg6 57. Qg3+ Kh6 58. Qe3+ Qg5 59. Qh3+ Qh5 60. Qh1 Qxh1+ 1/2-1/2

[Event "Ruzomberok GM 2019"]
[Site "Ruzomberok"]
[Date "2019.06.30"]
[Round "2.2"]
[White "Pacher, Milan"]
[Black "Hrabusa, Matej"]
[Result "1/2-1/2"]
[ECO "A10"]
[WhiteElo "2434"]
[BlackElo "2397"]
[Annotator "NA"]
[PlyCount "92"]
[EventDate "2019.06.29"]
[EventType "tourn"]
[EventCountry "SVK"]
[SourceTitle "playchess.com"]
[Source "ChessBase"]
[SourceQuality "1"]
[TimeControl "40/5400+30:1800+30"]

1. c4 f5 2. g3 Nf6 3. Bg2 g6 4. Nf3 Bg7 5. O-O O-O 6. Nc3 d6 7. d4 Qe8 8. b4 e5 9. dxe5 dxe5 10. b5 e4 11. Ng5 h6 12. Nh3 Qf7 13. Ba3 Re8 14. Rc1 a6 15. Nf4 axb5 16. Nxb5 Nc6 17. f3 Rd8 18. Qb3 g5 19. Nd5 Nxd5 20. cxd5 exf3 21. Bxf3 Nd4 22. Nxd4 Bxd4+ 23. e3 Be5 24. Bb2 Bxb2 25. Qxb2 Ra6 26. e4 f4 27. e5 Qg7 28. gxf4 Rf8 29. Qc2 Bh3 30. Rfe1 Ra3 31. Be4 gxf4+ 32. Kf2 Qe7 33. Rg1+ Kh8 34. Rg6 Qh4+ 35. Kg1 Re3 36. Qf2 Qxf2+ 37. Kxf2 Rxe4 38. Rxh6+ Kg8 39. e6 Bxe6 40. Rxe6 Rxe6 41. dxe6 Ra8 42. Rxc7 Rxa2+ 43. Kf3 Kf8 44. h4 Ra6 45. Rf7+ Ke8 46. Rxb7 Rxe6 {[%emt 0:00:20] Ke4} 1/2-1/2

[Event "Ruzomberok GM 2019"]
[Site "Ruzomberok"]
[Date "2019.06.30"]
[Round "2.3"]
[White "Mazur, Stefan"]
[Black "Manik, Mikulas"]
[Result "1-0"]
[ECO "B69"]
[WhiteElo "2426"]
[BlackElo "2399"]
[Annotator "NA"]
[PlyCount "91"]
[EventDate "2019.06.29"]
[EventType "tourn"]
[EventCountry "SVK"]
[SourceTitle "playchess.com"]
[Source "ChessBase"]
[SourceQuality "1"]
[TimeControl "40/5400+30:1800+30"]

1. e4 c5 2. Nf3 d6 3. d4 cxd4 4. Nxd4 Nf6 5. Nc3 Nc6 6. Bg5 e6 7. Qd2 a6 8. O-O-O Bd7 9. f4 Be7 10. Nf3 b5 11. Bxf6 gxf6 12. f5 Qa5 13. Kb1 h5 14. g3 Rc8 15. Bh3 Ne5 16. Nxe5 fxe5 17. Rhf1 b4 18. Ne2 Qc7 19. Nc1 a5 20. Nd3 Qb7 21. Qe1 Rc4 22. Qf2 Kd8 23. b3 Rd4 24. Nb2 Qxe4 25. f6 Bf8 26. Bg2 Qg4 27. Bf3 Qg5 28. Rxd4 exd4 29. Qxd4 Qb5 30. Rd1 d5 31. Qa7 Bd6 32. Qa8+ Qb8 33. Qxa5+ Qc7 34. Qa8+ Qc8 35. Qa5+ Qc7 36. Qa8+ Qc8 37. Bxd5 Qxa8 38. Bxa8 Kc7 39. Nc4 Bxg3 40. hxg3 Rxa8 41. Rxd7+ Kxd7 42. Nb6+ Kc6 43. Nxa8 Kb7 44. c3 bxc3 45. Kc2 Kxa8 46. Kxc3 1-0

[Event "Ruzomberok GM 2019"]
[Site "Ruzomberok"]
[Date "2019.06.30"]
[Round "2.4"]
[White "Repka, Christopher"]
[Black "Pechac, Jergus"]
[Result "1/2-1/2"]
[ECO "B34"]
[WhiteElo "2482"]
[BlackElo "2473"]
[Annotator "ChessBase"]
[PlyCount "61"]
[EventDate "2019.06.29"]
[EventType "tourn"]
[EventCountry "SVK"]
[SourceTitle "playchess.com"]
[Source "ChessBase"]
[SourceQuality "1"]
[TimeControl "40/5400+30:1800+30"]

1. Nc3 c5 2. Nf3 Nf6 3. e4 Nc6 4. d4 cxd4 5. Nxd4 e5 6. Ndb5 d6 7. Bg5 a6 8. Bxf6 gxf6 9. Na3 f5 10. Qh5 b5 11. exf5 b4 12. Bc4 Ra7 13. Nab5 axb5 14. Nxb5 Rb7 15. O-O-O Qf6 16. f4 Na5 17. Qe2 Bd7 18. Rd5 Qxf5 19. Rf1 Nxc4 20. Qxc4 Qe6 21. Qd3 e4 22. Nxd6+ Qxd6 23. Qxe4+ Qe7 24. Re5 Be6 25. f5 Bg7 26. fxe6 Bxe5 27. Qc6+ Kf8 28. Rxf7+ Qxf7 29. exf7 Re7 30. Qc4 Rxf7 31. Qxb4+ 1/2-1/2

[Event "Ruzomberok GM 2019"]
[Site "Ruzomberok"]
[Date "2019.06.30"]
[Round "2.5"]
[White "Druska, Juraj"]
[Black "Nayhebaver, Martin"]
[Result "1/2-1/2"]
[ECO "E20"]
[WhiteElo "2460"]
[BlackElo "2473"]
[Annotator "ChessBase"]
[PlyCount "61"]
[EventDate "2019.06.29"]
[EventType "tourn"]
[EventCountry "SVK"]
[SourceTitle "playchess.com"]
[Source "ChessBase"]
[SourceQuality "1"]
[TimeControl "40/5400+30:1800+30"]

1. d4 Nf6 2. c4 e6 3. Nc3 Bb4 4. g3 O-O 5. Bg2 d5 6. Nf3 c6 7. Qb3 a5 8. a3 Be7 9. O-O Nbd7 10. Rd1 Re8 11. Qa2 Qb6 12. e3 h6 13. Nd2 Rd8 14. b3 Qc7 15. Bb2 dxc4 16. Nxc4 b5 17. Ne5 Bb7 18. Rac1 Qb6 19. Ne4 Nxe5 20. Nxf6+ Bxf6 21. dxe5 Be7 22. a4 Bb4 23. Qa1 Rac8 24. Bc3 bxa4 25. Rxd8+ Rxd8 26. Bxb4 axb4 27. bxa4 Ra8 28. Qd4 Qxd4 29. exd4 Rxa4 30. Bxc6 Bxc6 31. Rxc6 1/2-1/2

[Event "Ruzomberok GM 2019"]
[Site "Ruzomberok"]
[Date "2019.07.01"]
[Round "3.1"]
[White "Nayhebaver, Martin"]
[Black "Jurcik, Marian"]
[Result "1-0"]
[ECO "B09"]
[WhiteElo "2473"]
[BlackElo "2501"]
[Annotator "ChessBase"]
[PlyCount "101"]
[EventDate "2019.06.29"]
[EventType "tourn"]
[EventCountry "SVK"]
[SourceTitle "playchess.com"]
[Source "ChessBase"]
[SourceQuality "1"]
[TimeControl "40/5400+30:1800+30"]

1. e4 d6 2. d4 Nf6 3. Nc3 g6 4. f4 Bg7 5. Nf3 c5 6. dxc5 Qa5 7. Bd3 Qxc5 8. Qe2 Nc6 9. a3 Bg4 10. Be3 Qa5 11. O-O Nd7 12. b4 Qd8 13. Qe1 Bxf3 14. Rxf3 Rc8 15. Bd2 Nb6 16. Rd1 Nd4 17. Rh3 Nc4 18. Bc1 e6 19. Ne2 O-O 20. Kh1 Qe7 21. Nxd4 Bxd4 22. Bxc4 Rxc4 23. Rhd3 Qf6 24. Qd2 Bb2 25. Rxd6 Bxc1 26. Rxc1 Rxe4 27. c4 Rxf4 28. Kg1 Qe5 29. Re1 Re4 30. Rxe4 Qxe4 31. c5 Qe5 32. Rd7 Qa1+ 33. Kf2 Qxa3 34. Rxb7 a5 35. c6 axb4 36. c7 b3 37. Qd8 Qc5+ 38. Ke2 b2 39. Rb8 b1=Q 40. Qxf8+ Qxf8 41. Rxb1 Kg7 42. Rb8 Qd6 43. c8=Q Qe5+ 44. Kd1 Qd4+ 45. Kc2 Qe4+ 46. Kb3 Qb1+ 47. Kc4 Qf1+ 48. Kc5 Qg1+ 49. Kd6 Qxh2+ 50. Ke7 Qh4+ 51. Ke8 1-0

[Event "Ruzomberok GM 2019"]
[Site "Ruzomberok"]
[Date "2019.07.01"]
[Round "3.2"]
[White "Pechac, Jergus"]
[Black "Druska, Juraj"]
[Result "1-0"]
[ECO "D35"]
[WhiteElo "2473"]
[BlackElo "2460"]
[Annotator "ChessBase"]
[PlyCount "73"]
[EventDate "2019.06.29"]
[EventType "tourn"]
[EventCountry "SVK"]
[SourceTitle "playchess.com"]
[Source "ChessBase"]
[SourceQuality "1"]
[TimeControl "40/5400+30:1800+30"]

1. d4 d5 2. c4 e6 3. Nc3 Nf6 4. cxd5 Nxd5 5. e4 Nxc3 6. bxc3 c5 7. Rb1 Be7 8. Bb5+ Nd7 9. Nf3 O-O 10. O-O a6 11. Bd3 b5 12. Qe2 Bb7 13. Rd1 cxd4 14. cxd4 Nb6 15. Bd2 Rc8 16. Ba5 Qd6 17. d5 exd5 18. e5 Qh6 19. Nd4 Na4 20. Bd2 Qb6 21. Nf5 Qe6 22. Nxg7 Kxg7 23. Qh5 Rh8 24. Bf5 Qg6 25. Bxg6 hxg6 26. Qg4 Nc5 27. Bg5 Rhe8 28. Bxe7 Rxe7 29. Rxd5 Ne6 30. Rd6 Rc4 31. Qd1 Nf4 32. Rd7 Rxd7 33. Qxd7 Bc6 34. Qe7 Ne6 35. h4 Rc2 36. Rd1 Be4 37. Rd7 1-0

[Event "Ruzomberok GM 2019"]
[Site "Ruzomberok"]
[Date "2019.07.01"]
[Round "3.3"]
[White "Manik, Mikulas"]
[Black "Repka, Christopher"]
[Result "0-1"]
[ECO "C70"]
[WhiteElo "2399"]
[BlackElo "2482"]
[Annotator "ChessBase"]
[PlyCount "72"]
[EventDate "2019.06.29"]
[EventType "tourn"]
[EventCountry "SVK"]
[SourceTitle "playchess.com"]
[Source "ChessBase"]
[SourceQuality "1"]
[TimeControl "40/5400+30:1800+30"]

1. e4 e5 2. Nf3 Nc6 3. Bb5 a6 4. Ba4 b5 5. Bb3 Na5 6. O-O d6 7. d4 exd4 8. Nxd4 Bb7 9. a4 c5 10. Nf5 g6 11. Ng3 Nf6 12. axb5 axb5 13. e5 Nxb3 14. Rxa8 Qxa8 15. exf6 Nxc1 16. Re1+ Kd7 17. Qxc1 h5 18. Qf4 Bxg2 19. Ne4 Bxe4 20. Rxe4 d5 21. Re1 Bd6 22. Qf3 Re8 23. Rxe8 Qxe8 24. Nc3 Qe5 25. Nxd5 Ke6 26. Nb6 Qxh2+ 27. Kf1 Bc7 28. Nd5 Qe5 29. Ne3 c4 30. Qc6+ Bd6 31. Qf3 Qc5 32. b4 cxb3 33. cxb3 Be5 34. b4 Qd6 35. Qb7 Qd3+ 36. Kg1 Kxf6 0-1

[Event "Ruzomberok GM 2019"]
[Site "Ruzomberok"]
[Date "2019.07.01"]
[Round "3.4"]
[White "Hrabusa, Matej"]
[Black "Mazur, Stefan"]
[Result "1/2-1/2"]
[ECO "A49"]
[WhiteElo "2397"]
[BlackElo "2426"]
[Annotator "NA"]
[PlyCount "83"]
[EventDate "2019.06.29"]
[EventType "tourn"]
[EventCountry "SVK"]
[SourceTitle "playchess.com"]
[Source "ChessBase"]
[SourceQuality "1"]
[TimeControl "40/5400+30:1800+30"]

1. Nf3 Nf6 2. d4 g6 3. g3 Bg7 4. Bg2 O-O 5. O-O d6 6. b3 e5 7. dxe5 Ng4 8. Bb2 Nc6 9. Qc1 Ngxe5 10. Nxe5 dxe5 11. Rd1 Bd7 12. Rd2 Qc8 13. Qd1 Bh3 14. Na3 Bxg2 15. Kxg2 Qe6 16. Nb5 Rac8 17. c4 a6 18. Nc3 e4 19. Qc2 e3 20. fxe3 Qxe3 21. Nd5 Qe6 22. Nf4 Qe7 23. Nd5 Qe6 24. Nf4 Qe8 25. Bxg7 Kxg7 26. Rf1 Ne5 27. Qc3 f6 28. h3 Qc6+ 29. Kh2 Rce8 30. Qd4 Rf7 31. Qd5 Rd7 32. Qxc6 bxc6 33. Rfd1 Rxd2 34. Rxd2 g5 35. Ng2 f5 36. Kg1 Kf6 37. Kf2 a5 38. Ne1 a4 39. Nf3 axb3 40. axb3 Nxf3 41. exf3 Rb8 42. Rd7 1/2-1/2

[Event "Ruzomberok GM 2019"]
[Site "Ruzomberok"]
[Date "2019.07.01"]
[Round "3.5"]
[White "Petenyi, Tamas"]
[Black "Pacher, Milan"]
[Result "1/2-1/2"]
[ECO "C65"]
[WhiteElo "2412"]
[BlackElo "2434"]
[Annotator "NA"]
[PlyCount "61"]
[EventDate "2019.06.29"]
[EventType "tourn"]
[EventCountry "SVK"]
[SourceTitle "playchess.com"]
[Source "ChessBase"]
[SourceQuality "1"]
[TimeControl "40/5400+30:1800+30"]

1. e4 e5 2. Nf3 Nc6 3. Bb5 Nf6 4. Qe2 Bc5 5. c3 O-O 6. d3 Re8 7. O-O a6 8. Ba4 h6 9. b4 Ba7 10. Be3 Bxe3 11. Qxe3 b5 12. Bb3 a5 13. bxa5 Nxa5 14. Bc2 d5 15. Nbd2 Qd6 16. Rfb1 Qa3 17. Rxb5 Qxc3 18. Rc1 dxe4 19. dxe4 Qxe3 20. fxe3 Ng4 21. Ba4 c6 22. Rbc5 Be6 23. Nxe5 Nb7 24. Bxc6 Nxc5 25. Bxa8 Rxa8 26. Nxg4 Nd3 27. Rc3 Rd8 28. h3 Bxg4 29. hxg4 Ne5 30. Nf3 Nxg4 31. Kf1 1/2-1/2

[Event "Ruzomberok GM 2019"]
[Site "Ruzomberok"]
[Date "2019.07.02"]
[Round "4.1"]
[White "Jurcik, Marian"]
[Black "Pacher, Milan"]
[Result "1/2-1/2"]
[ECO "C65"]
[WhiteElo "2501"]
[BlackElo "2434"]
[Annotator "ChessBase"]
[PlyCount "60"]
[EventDate "2019.06.29"]
[EventType "tourn"]
[EventCountry "SVK"]
[SourceTitle "playchess.com"]
[Source "ChessBase"]
[SourceQuality "1"]
[TimeControl "40/5400+30:1800+30"]

1. e4 e5 2. Nf3 Nc6 3. Bb5 Nf6 4. d3 Bc5 5. Bxc6 dxc6 6. Bg5 Be6 7. Nbd2 Qd6 8. Bxf6 gxf6 9. Nc4 Bxc4 10. dxc4 O-O-O 11. O-O Bxf2+ 12. Kh1 Qxd1 13. Raxd1 Rxd1 14. Rxd1 Rd8 15. Rxd8+ Kxd8 16. g4 Ke7 17. Kg2 Bd4 18. b3 Kd6 19. Ne1 b5 20. Nd3 bxc4 21. bxc4 c5 22. Kf3 h6 23. Nc1 Bb2 24. Nb3 Bc3 25. Ke3 Bd4+ 26. Kd3 Kc6 27. Nd2 Bb2 28. Nb3 Bd4 29. Nc1 Kb6 30. Nb3 Kc6 {[%emt 0:00:35] Kxd4 Kd5+} 1/2-1/2

[Event "Ruzomberok GM 2019"]
[Site "Ruzomberok"]
[Date "2019.07.02"]
[Round "4.2"]
[White "Mazur, Stefan"]
[Black "Petenyi, Tamas"]
[Result "1-0"]
[ECO "B06"]
[WhiteElo "2426"]
[BlackElo "2412"]
[Annotator "ChessBase"]
[PlyCount "81"]
[EventDate "2019.06.29"]
[EventType "tourn"]
[EventCountry "SVK"]
[SourceTitle "playchess.com"]
[Source "ChessBase"]
[SourceQuality "1"]
[TimeControl "40/5400+30:1800+30"]

1. e4 g6 2. d4 Bg7 3. Nc3 c6 4. f4 d6 5. Be3 Nf6 6. h3 O-O 7. Nf3 b5 8. e5 Nfd7 9. Bd3 Nb6 10. O-O Na6 11. a3 b4 12. Ne4 bxa3 13. c3 Nd5 14. Bd2 axb2 15. Rxa6 Bxa6 16. Bxa6 Qa5 17. Bd3 dxe5 18. fxe5 f5 19. Nc5 Rfb8 20. c4 Nb4 21. Bb1 Qa1 22. Qe1 Na2 23. Bg5 Nc1 24. Nd2 h6 25. Be3 Qa3 26. Rf3 Qc3 27. Ne6 Nb3 28. Qg3 Kf7 29. Nxg7 Nxd2 30. e6+ Kg8 31. Bxd2 Qxd4+ 32. Kh2 Qxd2 33. Nxf5 Qg5 34. Qe5 gxf5 35. Rg3 Rf8 36. Rxg5+ hxg5 37. Qg3 Rab8 38. Qxg5+ Kh8 39. Qxe7 a5 40. Qh4+ Kg7 41. Qg5+ 1-0

[Event "Ruzomberok GM 2019"]
[Site "Ruzomberok"]
[Date "2019.07.02"]
[Round "4.3"]
[White "Repka, Christopher"]
[Black "Hrabusa, Matej"]
[Result "1/2-1/2"]
[ECO "A10"]
[WhiteElo "2482"]
[BlackElo "2397"]
[Annotator "ChessBase"]
[PlyCount "60"]
[EventDate "2019.06.29"]
[EventType "tourn"]
[EventCountry "SVK"]
[SourceTitle "playchess.com"]
[Source "ChessBase"]
[SourceQuality "1"]
[TimeControl "40/5400+30:1800+30"]

1. c4 f5 2. Nc3 Nf6 3. d4 d6 4. Bg5 Nbd7 5. Qc2 g6 6. e4 fxe4 7. Nxe4 Bg7 8. Ng3 c5 9. d5 Ne5 10. Be2 O-O 11. Nf3 Nxf3+ 12. Bxf3 b5 13. O-O bxc4 14. Qxc4 Rb8 15. Qe2 Rf7 16. Rfe1 Qb6 17. b3 Nd7 18. Rac1 Ne5 19. Be4 Ba6 20. Qd1 Rbf8 21. Be3 Qb4 22. a3 Qa5 23. Rb1 Bc8 24. b4 Qxa3 25. bxc5 Ng4 26. c6 Rxf2 27. Bxf2 Nxf2 28. Qc1 Bd4 29. Qxa3 Nh3+ 30. Kh1 Nf2+ 1/2-1/2

[Event "Ruzomberok GM 2019"]
[Site "Ruzomberok"]
[Date "2019.07.02"]
[Round "4.4"]
[White "Druska, Juraj"]
[Black "Manik, Mikulas"]
[Result "1/2-1/2"]
[ECO "B90"]
[WhiteElo "2460"]
[BlackElo "2399"]
[Annotator "ChessBase"]
[PlyCount "63"]
[EventDate "2019.06.29"]
[EventType "tourn"]
[EventCountry "SVK"]
[SourceTitle "playchess.com"]
[Source "ChessBase"]
[SourceQuality "1"]
[TimeControl "40/5400+30:1800+30"]

1. e4 c5 2. Nf3 d6 3. d4 cxd4 4. Nxd4 Nf6 5. Nc3 a6 6. Bd3 Nc6 7. Nxc6 bxc6 8. b3 g6 9. Bb2 Bh6 10. O-O O-O 11. Na4 e5 12. Qe2 a5 13. Rad1 Re8 14. Bc4 Ra7 15. Bd3 Kg7 16. g3 Bh3 17. Rfe1 Qe7 18. f3 Bg5 19. Qf2 h5 20. Bf1 Bxf1 21. Kxf1 h4 22. Ba3 c5 23. Nxc5 hxg3 24. hxg3 Rh8 25. Na4 Ra6 26. Kg2 Nh5 27. Rh1 Bf4 28. g4 Bg3 29. Qe3 Bf4 30. Qf2 Bg3 31. Qe3 Bf4 32. Qf2 1/2-1/2

[Event "Ruzomberok GM 2019"]
[Site "Ruzomberok"]
[Date "2019.07.02"]
[Round "4.5"]
[White "Nayhebaver, Martin"]
[Black "Pechac, Jergus"]
[Result "1-0"]
[ECO "C41"]
[WhiteElo "2473"]
[BlackElo "2473"]
[Annotator "ChessBase"]
[PlyCount "41"]
[EventDate "2019.06.29"]
[EventType "tourn"]
[EventCountry "SVK"]
[SourceTitle "playchess.com"]
[Source "ChessBase"]
[SourceQuality "1"]
[TimeControl "40/5400+30:1800+30"]

1. e4 e5 2. Nf3 d6 3. Bc4 Nf6 4. Nc3 Be7 5. h3 O-O 6. d3 Nc6 7. a3 Be6 8. Nd5 Qd7 9. O-O Bd8 10. Bg5 Bxd5 11. exd5 Ne7 12. Bxf6 gxf6 13. Nh4 Ng6 14. Qh5 Kh8 15. d4 e4 16. Nf5 b5 17. Bb3 Rg8 18. f4 Ne7 19. Nh6 Rg3 20. f5 Ng8 21. Ng4 1-0

[Event "Ruzomberok GM 2019"]
[Site "Ruzomberok"]
[Date "2019.07.03"]
[Round "5.1"]
[White "Pechac, Jergus"]
[Black "Jurcik, Marian"]
[Result "1-0"]
[ECO "C11"]
[WhiteElo "2473"]
[BlackElo "2501"]
[Annotator "ChessBase"]
[PlyCount "47"]
[EventDate "2019.06.29"]
[EventType "tourn"]
[EventCountry "SVK"]
[SourceTitle "playchess.com"]
[Source "ChessBase"]
[SourceQuality "1"]
[TimeControl "40/5400+30:1800+30"]

1. d4 e6 2. e4 d5 3. Nc3 Nf6 4. e5 Nfd7 5. f4 c5 6. Nf3 Nc6 7. Be3 cxd4 8. Nxd4 Bc5 9. Qd2 O-O 10. O-O-O Rb8 11. Bb5 Bxd4 12. Bxd4 Qa5 13. f5 Nxd4 14. Qxd4 exf5 15. g4 Nb6 16. a4 Na8 17. Nxd5 Kh8 18. h4 a6 19. h5 Qd8 20. h6 Qg5+ 21. Kb1 axb5 22. hxg7+ Qxg7 23. Nf6 fxg4 24. Qe4 1-0

[Event "Ruzomberok GM 2019"]
[Site "Ruzomberok"]
[Date "2019.07.03"]
[Round "5.2"]
[White "Manik, Mikulas"]
[Black "Nayhebaver, Martin"]
[Result "1/2-1/2"]
[ECO "B51"]
[WhiteElo "2399"]
[BlackElo "2473"]
[Annotator "ChessBase"]
[PlyCount "90"]
[EventDate "2019.06.29"]
[EventType "tourn"]
[EventCountry "SVK"]
[SourceTitle "playchess.com"]
[Source "ChessBase"]
[SourceQuality "1"]
[TimeControl "40/5400+30:1800+30"]

1. e4 c5 2. Nf3 d6 3. Bb5+ Nd7 4. O-O a6 5. Bxd7+ Bxd7 6. d4 cxd4 7. Qxd4 e5 8. Qd3 Rc8 9. c4 Qc7 10. b3 b5 11. Nbd2 Qb7 12. Ba3 b4 13. Bb2 Nf6 14. a3 a5 15. axb4 axb4 16. Qe3 Be7 17. Qa7 Qxa7 18. Rxa7 Bd8 19. Rfa1 Bb6 20. R7a6 Bc5 21. Ne1 O-O 22. Nd3 Bc6 23. Nxc5 dxc5 24. f3 Nd7 25. Nf1 f5 26. exf5 Rxf5 27. Rd1 Rf7 28. Rd6 Nb8 29. Rb6 Ba8 30. Ng3 Nc6 31. Ne4 Nd4 32. Nxc5 Rxc5 33. Bxd4 exd4 34. Rd8+ Rf8 35. Rbb8 Rxd8 36. Rxd8+ Kf7 37. Rxa8 Re5 38. Rd8 Re3 39. Rxd4 Rxb3 40. c5 Rc3 41. Rxb4 Rxc5 42. Rb7+ Kf6 43. Kf2 h5 44. h4 Rc2+ 45. Kg3 g6 1/2-1/2

[Event "Ruzomberok GM 2019"]
[Site "Ruzomberok"]
[Date "2019.07.03"]
[Round "5.3"]
[White "Hrabusa, Matej"]
[Black "Druska, Juraj"]
[Result "0-1"]
[ECO "D02"]
[WhiteElo "2397"]
[BlackElo "2460"]
[Annotator "ChessBase"]
[PlyCount "96"]
[EventDate "2019.06.29"]
[EventType "tourn"]
[EventCountry "SVK"]
[SourceTitle "playchess.com"]
[Source "ChessBase"]
[SourceQuality "1"]
[TimeControl "40/5400+30:1800+30"]

1. d4 d5 2. Nf3 Nf6 3. g3 b5 4. Bg2 e6 5. O-O Bb7 6. a4 b4 7. c4 bxc3 8. Nxc3 Be7 9. Qc2 O-O 10. Bf4 Na6 11. Ne5 c5 12. dxc5 Bxc5 13. a5 Qe7 14. Qa4 Rfc8 15. Rac1 Nb4 16. Na2 Nxa2 17. Qxa2 Ba6 18. Bf3 Qb7 19. Rc3 Bd6 20. Rfc1 Rxc3 21. Rxc3 g5 22. Ng4 gxf4 23. Nxf6+ Kg7 24. Nh5+ Kf8 25. Nxf4 Rc8 26. Rxc8+ Qxc8 27. Qb1 Kg8 28. Nh5 Be5 29. b4 Bb5 30. Nf4 Qc3 31. Nd3 Bd6 32. Nc5 a6 33. e3 Bxc5 34. bxc5 Qxc5 35. Qa1 e5 36. Bg2 d4 37. exd4 exd4 38. Qd1 d3 39. Be4 Qc4 40. Qg4+ Kf8 41. Qh4 Qd4 42. Qh6+ Ke8 43. Bc6+ Bxc6 44. Qxc6+ Ke7 45. Qf3 d2 46. Qd1 Kf8 47. Kg2 Qe4+ 48. Kf1 Qc4+ 0-1

[Event "Ruzomberok GM 2019"]
[Site "Ruzomberok"]
[Date "2019.07.03"]
[Round "5.4"]
[White "Petenyi, Tamas"]
[Black "Repka, Christopher"]
[Result "1/2-1/2"]
[ECO "C80"]
[WhiteElo "2412"]
[BlackElo "2482"]
[Annotator "ChessBase"]
[PlyCount "60"]
[EventDate "2019.06.29"]
[EventType "tourn"]
[EventCountry "SVK"]
[SourceTitle "playchess.com"]
[Source "ChessBase"]
[SourceQuality "1"]
[TimeControl "40/5400+30:1800+30"]

1. e4 e5 2. Nf3 Nc6 3. Bb5 a6 4. Ba4 Nf6 5. O-O Nxe4 6. d4 b5 7. Bb3 d5 8. dxe5 Be6 9. Be3 Be7 10. Nbd2 O-O 11. c3 Bg4 12. Nxe4 dxe4 13. Qxd8 Raxd8 14. Nd2 Nxe5 15. Nxe4 Nd3 16. f3 Bf5 17. Rab1 c5 18. Bc2 c4 19. Rfd1 Bxe4 20. fxe4 Bc5 21. Bxc5 Nxc5 22. Kf2 Rfe8 23. Ke3 Kf8 24. Rxd8 Rxd8 25. Rf1 g6 26. b3 cxb3 27. axb3 Ke7 28. b4 Nd7 29. Bb3 Ne5 30. Bd5 Rd6 1/2-1/2

[Event "Ruzomberok GM 2019"]
[Site "Ruzomberok"]
[Date "2019.07.03"]
[Round "5.5"]
[White "Pacher, Milan"]
[Black "Mazur, Stefan"]
[Result "1/2-1/2"]
[ECO "E97"]
[WhiteElo "2434"]
[BlackElo "2426"]
[Annotator "NA"]
[PlyCount "66"]
[EventDate "2019.06.29"]
[EventType "tourn"]
[EventCountry "SVK"]
[SourceTitle "playchess.com"]
[Source "ChessBase"]
[SourceQuality "1"]
[TimeControl "40/5400+30:1800+30"]

1. d4 Nf6 2. c4 g6 3. Nc3 Bg7 4. e4 d6 5. Nf3 O-O 6. Be2 e5 7. O-O Nc6 8. dxe5 dxe5 9. Bg5 Qxd1 10. Rfxd1 Bg4 11. h3 Bxf3 12. Bxf3 Nd4 13. Nd5 Nxd5 14. cxd5 c6 15. Rac1 Rac8 16. Be3 cxd5 17. exd5 Rfd8 18. d6 Rb8 19. Kf1 Rxd6 20. Bxb7 Rb6 21. Bd5 Rb5 22. Bxd4 exd4 23. Bb3 R5b7 24. Ke2 Bf6 25. Kd3 Kg7 26. Re1 a5 27. Rc4 Rb4 28. Rc7 Rxb3+ 29. axb3 Rxb3+ 30. Kc2 a4 31. Rd1 d3+ 32. Rxd3 Rxb2+ 33. Kd1 Rxf2 1/2-1/2